Unix NetHack Version 5.0.0-0 post-release - last build Jul 19 2026 19:10:59 (3aa4ab31751d3886436d94b585a96704892fd477,branch:main).

Game began 2026-07-24 17:16:35, ended 2026-07-27 12:27:28.

Jandor, neutral male human Wizard

                                              ----------------
                                             #.....f@(.......|        ------
                                             #|.....aa........#    ## .....|
                                          ####|..............|#    #  |....|
    ------------       ----------------   #   ---------.------########-....|
    |%.)[!%[?.*|       |..............|   #      ##  ###           #  |....|
    |([[?.+!.).-#      |....`....<....|####       #######         ##  |....|
    |*)%.!)).[)|#      |^.......{.....|## ############################.....|
    |%%%%?..?.(|#######...............-##        ###   #----.-- ##    ------
    |[?.(/...[.|       ---------------- ##       #     #|.....| #
    |./(!?.=?/.|                         ###     #     #|......##
    ------------                           #           #|.....|
                                           # ##        #|.....|
                                           #-.---      #|.....|
                                           #...>| ######-------
                                            |...-##
                                            -----

Jandor the Conjurer       St:10 Dx:13 Co:13 In:17 Wi:18 Ch:10  Neutral
Dlvl:4  $:187 HP:0(37) Pw:49(79) AC:6  Xp:5 T:2489 

Latest messages:
 The grid bug bites!
 You avoid harm.
 You kill the grid bug!
 The kitten bites!
 The kitten bites!
 The kitten bites!
 The kitten just misses!
 The housecat misses the kitten.
 In what direction? 6
 The spell hits the kitten!
 You kill the kitten!
 The housecat misses the grid bug.
 The housecat bites the grid bug.
 The grid bug is killed!
 You swap places with your housecat.
 You see here an unlocked large box containing 4 items.
 You have a little trouble removing g - a spellbook of force bolt.
 What do you want to use or apply? [g-ioqz or ?*] o
 What do you want to use or apply? [g-ioqz or ?*] o
 You have a little trouble removing F - a cursed scroll of destroy armor.
 j - a blessed scroll of earth.
 k - an uncursed scroll of earth.
 l - an uncursed spellbook of chain lightning.
 m - a blessed spellbook of force bolt.
 n - a magic marker (0:21).
 You put 11 +0 silver arrows into the large box.
 You put a cursed scroll of destroy armor into the large box.
 You put a blessed scroll of earth into the large box.
 You put an uncursed scroll of earth into the large box.
 You put an uncursed scroll of enchant armor into the large box.
 You put an uncursed spellbook of chain lightning into the large box.
 You put a blessed spellbook of force bolt into the large box.
 You put a cursed brass lantern into the large box.
 You put a magic marker (0:21) into the large box.
 Your movements are now unencumbered.
 The giant ant bites!
 The giant ant bites!
 You shock the giant ant!
 You shock the giant ant.
 The giant ant bites!
 In what direction? 3
 The spell misses the giant ant.
 The giant ant bites!
 The housecat misses the giant ant.
 The giant ant bites!
 You die...
 Do you want your possessions identified? [ynq] (y) y
 Do you want to see your attributes? [ynq] (y) y
 Do you want an account of creatures vanquished? [ynaq] (y) y
 Do you want to see your conduct and achievements? [ynq] (y) q

Inventory:
 Coins    ('$')
  $ - 187 gold pieces
 Amulets  ('"')
  f - a blessed amulet of ESP
 Weapons  (')')
  r - a +0 dagger (weapon in right hand)
 Armor    ('[')
  C - an uncursed +0 orcish helm (being worn)
  d - an uncursed +0 pair of fumble boots
  b - an uncursed +0 cloak of magic resistance (being worn)
  w - an uncursed +0 leather armor (being worn)
 Comestibles  ('%')
  e - an uncursed food ration
 Scrolls  ('?')
  t - a blessed scroll of create monster
 Spellbooks  ('+')
  g - an uncursed spellbook of force bolt
 Potions  ('!')
  u - a blessed potion of paralysis
  p - a potion of holy water
 Wands    ('/')
  i - a wand of undead turning (0:5)
 Tools    ('(')
  o - an uncursed sack containing 10 items
  h - an uncursed lock pick
  q - an uncursed oil lamp

Contents of the sack:
  10 +0 darts
  a +0 orcish dagger
  a blessed +1 quarterstaff
  an uncursed apple
  an uncursed food ration
  2 uncursed potions of confusion
  an uncursed potion of gain energy
  an uncursed ring of polymorph control
  an uncursed ring of protection from shape changers
  a wand of lightning (0:6)

Jandor the Wizard's attributes:

Background:
 You were a Conjurer, a level 5 male human Wizard.
 You were neutral, nominally on a mission for Thoth
 who was opposed by Ptah (lawful) and Anhur (chaotic).
 You were right-handed.
 You were in the Dungeons of Doom, on level 4.
 You entered the dungeon 2489 turns ago.
 You had 208 experience points, 112 more were needed to attain level 6.

Basics:
 You had 0 out of 37 hit points.
 You had 49 out of 79 energy points (spell power).
 Your armor class was 6.
 Your wallet contained 187 zorkmids.
 Autopickup was off.

Final Characteristics:
 Your strength was 10 (limit:18/100).
 Your dexterity was 13 (limit:18).
 Your constitution was 13 (limit:18).
 Your intelligence was 17 (limit:18).
 Your wisdom was 18 (limit:18).
 Your charisma was 10 (limit:18).

Final Status:
 You weren't hungry.
 You were unencumbered.
 You were wielding a dagger.
 You had basic skill with dagger.

Final Attributes:
 You were piously aligned.
 You were magic-protected.
 You were warded.
 You are dead.

Miscellaneous:
 You didn't encounter any bones levels.
 Total elapsed playing time was 2 hours, 53 minutes and 14 seconds.

Major events:
 Turn
    1: Jandor the neutral male human Wizard entered the dungeon
  932: attained the rank of Conjurer (level 3)
 1576: entered the Gnomish Mines
 2489: killed by a giant ant

Spells:
 Name                 Level Category     Fail Retention
 force bolt             1   attack         0%   81%-90%
 chain lightning        2   attack         0%   81%-90%

Skills:
 Fighting Skills
   bare handed combat [Unskilled]
   riding             [Unskilled]
 Weapon Skills
   dagger             [Basic]
   knife              [Unskilled]
   axe                [Unskilled]
   short sword        [Unskilled]
   club               [Unskilled]
   mace               [Unskilled]
   quarterstaff       [Basic]
   polearms           [Unskilled]
   spear              [Unskilled]
   trident            [Unskilled]
   sling              [Unskilled]
   dart               [Unskilled]
   shuriken           [Unskilled]
 Spellcasting Skills
   attack spells      [Basic]
   healing spells     [Unskilled]
   divination spells  [Unskilled]
   enchantment spells [Basic]
   clerical spells    [Unskilled]
   escape spells      [Unskilled]
   matter spells      [Unskilled]

Voluntary challenges:
 Character rerolling was not enabled.
 You were an atheist.
 You never genocided any monsters.
 You never polymorphed an object.
 You never changed form.
 You used no wishes.
Achievements:
 You entered a shop.
 You attained the rank of Conjurer.
 You entered the Gnomish Mines.

 The Dungeons of Doom: levels 1 to 4
    Level 1:
       A fountain.
    Level 2:
       A general store, a sink.
    Level 3:
       A scroll shop, a grave.
       Stairs down to The Gnomish Mines.
    Level 4: <- You were here.
       A general store, a sink.
       Final resting place for
          you, killed by a giant ant.
 The Gnomish Mines:
    Level 4:


Vanquished creatures:
  2 small mimics
 an imp
  a rock piercer
  a pony
  a fog cloud
  a kobold mummy
  a gray ooze
  a little dog
  a kitten
  a rothe
  a werejackal
  2 iguanas
 an acid blob
  2 manes
  2 giant rats
  2 yellow molds
  3 garter snakes
  3 geckos
  8 jackals
  a fox
  3 goblins
  9 grid bugs
  a bat
  3 lichens
  2 kobold zombies
  2 newts
56 creatures vanquished.

No species were genocided or became extinct.

Game over:
                       ----------
                      /          \
                     /    REST    \
                    /      IN      \
                   /     PEACE      \
                  /                  \
                  |      Jandor      |
                  |      187 Au      |
                  |   killed by a    |
                  |    giant ant     |
                  |                  |
                  |                  |
                  |       2026       |
                 *|     *  *  *      | *
        _________)/\\_//(\/(/\)/\//\/|_)_______

Goodbye Jandor the Wizard...

You died in The Dungeons of Doom on dungeon level 4 with 1151 points,
and 187 pieces of gold, after 2489 moves.
You were level 5 with a maximum of 37 hit points when you died.

